SA
YORK REVOLUTION @ CHICAGO TULA
07/14/2022
 
TOP OF THE 1ST
York Revolution batting - Pitching for Chicago Tula : RHP Ánibal Rivera
Pitching: RHP Ánibal Rivera
Batting: RHB Roberto Ramírez 0-0: Ball
1-0: Called Strike
1-1: Foul Ball, location: 2F
1-2: Ball
2-2: Ball
3-2: Base on Balls
Batting: RHB Alonso Rivera 0-0: Ball
1-0: Ball
2-0: Called Strike
2-1: Grounds into double play, 2-6-3 (Groundball, 2R)
Batting: RHB Pedro Álvarez 0-0: Ball
1-0: Ball
2-0: Called Strike
2-1: Foul Ball, location: 2F
2-2: Strikes out swinging
Top of the 1st over - 0 run(s), 0 hit(s), 0 error(s), 0 left on base; York 0 - Chicago 0
BOTTOM OF THE 1ST
Chicago Tula batting - Pitching for York Revolution : RHP Chae-seong Kim
Pitching: RHP Chae-seong Kim
Batting: RHB Gil Nichols 0-0: Called Strike
0-1: Ball
1-1: Foul Ball, location: 2F
1-2: Ball
2-2: Ball
3-2: Foul Ball, location: 2F
3-2: TRIPLE (Flyball, 9LM)
Batting: RHB Jorge Rodríguez 0-0: Swinging Strike
0-1: Foul Ball, location: 2F
0-2: Ball
1-2: Ball
2-2: Strikes out swinging
Batting: LHB Cole Thrash 0-0: Called Strike
0-1: Fly out, F3 (Popup, 3SF)
Batting: SHB Jake Richardson 0-0: Hit by Pitch
Batting: LHB António González 0-0: SINGLE (Groundball, 3D)
Gil Nichols scores
Jake Richardson to second
Runner from 2nd tries for 3rd, SAFE, throw made to third
António González to second
Batting: LHB Roberto Sánchez 0-0: Foul Ball, location: 2F
0-1: Foul Ball, location: 2F
0-2: DOUBLE (Line Drive, 9LM)
Jake Richardson scores
António González scores
Batting: LHB Gerald Kaufman 0-0: Foul Ball, location: 2F
0-1: Ball
1-1: Ball
2-1: Ball
3-1: Called Strike
3-2: Foul Ball, location: 2F
3-2: Base on Balls
Batting: RHB Miguel Cruz 0-0: Foul Ball, location: 2F
0-1: Ground out 5-3 (Groundball, 56S)
Bottom of the 1st over - 3 run(s), 3 hit(s), 0 error(s), 2 left on base; York 0 - Chicago 3
TOP OF THE 2ND
York Revolution batting - Pitching for Chicago Tula : RHP Ánibal Rivera
Batting: RHB Roberto Ruíz 0-0: TRIPLE (Line Drive, 9LM)
Batting: RHB Jay Kidd 0-0: Ball
1-0: Ground out 5-3 (Groundball, 5L)
Batting: RHB José Ruíz 0-0: Called Strike
0-1: Ball
1-1: Called Strike
1-2: Strikes out swinging
Batting: RHB Chris Costa 0-0: Ball
1-0: Ball
2-0: Foul Ball, location: 2F
2-1: SINGLE (Line Drive, 78S)
Roberto Ruíz scores
Batting: RHB Pedro Luna 0-0: Called Strike
0-1: Called Strike
0-2: Foul Ball, location: 2F
0-2: Ball
1-2: Foul Ball, location: 2F
1-2: Foul Ball, location: 2F
1-2: Foul Ball, location: 2F
1-2: Ball
2-2: Ball
Chris Costa steals 2nd base
3-2: DOUBLE (Flyball, 78XD)
Chris Costa scores
Batting: LHB Michael Nelson 0-0: Ball
1-0: Called Strike
1-1: Called Strike
1-2: Ball
2-2: Foul Ball, location: 2F
2-2: Ball
3-2: Base on Balls
Batting: RHB Roberto Ramírez 0-0: Called Strike
0-1: Swinging Strike
0-2: Fly out, F8 (Flyball, 8RXD)
Top of the 2nd over - 2 run(s), 3 hit(s), 0 error(s), 2 left on base; York 2 - Chicago 3
BOTTOM OF THE 2ND
Chicago Tula batting - Pitching for York Revolution : RHP Chae-seong Kim
Batting: RHB Bryan Sanders 0-0: Ball
1-0: Ball
2-0: Foul Ball, location: 2F
2-1: SINGLE (Groundball, 5D)
Batting: RHB Gil Nichols 0-0: Ball
1-0: Ball
2-0: Foul Ball, location: 2F
2-1: Swinging Strike
2-2: Strikes out looking
Batting: RHB Jorge Rodríguez 0-0: Called Strike
0-1: Ball
1-1: Foul Ball, location: 2F
1-2: SINGLE (Groundball, 56)
Bryan Sanders to second
Batting: LHB Cole Thrash 0-0: Ball
1-0: Ball
2-0: Called Strike
2-1: Swinging Strike
2-2: Fly out, F5 (Popup, 5L)
Batting: SHB Jake Richardson 0-0: Ball
1-0: Fly out, F9 (Flyball, 9M)
Bottom of the 2nd over - 0 run(s), 2 hit(s), 0 error(s), 2 left on base; York 2 - Chicago 3
TOP OF THE 3RD
York Revolution batting - Pitching for Chicago Tula : RHP Ánibal Rivera
Batting: RHB Alonso Rivera 0-0: Called Strike
0-1: Foul Ball, location: 2F
0-2: Ball
1-2: Ball
2-2: Ball
3-2: Strikes out looking
Batting: RHB Pedro Álvarez 0-0: Foul Ball, location: 2F
0-1: Fly out, F3 (Popup, 3DF)
Batting: RHB Roberto Ruíz 0-0: Foul Ball, location: 2F
0-1: Swinging Strike
0-2: Foul Ball, location: 2F
0-2: Foul Ball, location: 2F
0-2: Hit by Pitch
Batting: RHB Jay Kidd 0-0: Called Strike
0-1: Ball
1-1: Ball
2-1: Ground out 6-3 (Groundball, 6)
Top of the 3rd over - 0 run(s), 0 hit(s), 0 error(s), 1 left on base; York 2 - Chicago 3
BOTTOM OF THE 3RD
Chicago Tula batting - Pitching for York Revolution : RHP Chae-seong Kim
Batting: LHB António González 0-0: Foul Ball, location: 2F
0-1: Ball
1-1: Called Strike
1-2: Foul Ball, location: 2F
1-2: Ground out 3-1 (Groundball, 34S)
Batting: LHB Roberto Sánchez 0-0: Foul Ball, location: 2F
0-1: Ball
1-1: Swinging Strike
1-2: Strikes out swinging
Batting: LHB Gerald Kaufman 0-0: Ball
1-0: Fly out, F5 (Popup, 5F)
Bottom of the 3rd over - 0 run(s), 0 hit(s), 0 error(s), 0 left on base; York 2 - Chicago 3
TOP OF THE 4TH
York Revolution batting - Pitching for Chicago Tula : RHP Ánibal Rivera
Batting: RHB José Ruíz 0-0: Foul Ball, location: 2F
0-1: Foul Ball, location: 2F
0-2: Strikes out looking
Batting: RHB Chris Costa 0-0: Called Strike
0-1: Foul Ball, location: 2F
0-2: Ball
1-2: Ball
2-2: Ball
3-2: Foul Ball, location: 2F
3-2: Strikes out swinging
Batting: RHB Pedro Luna 0-0: Called Strike
0-1: Foul Ball, location: 2F
0-2: Fly out, F7 (Flyball, 78S)
Top of the 4th over - 0 run(s), 0 hit(s), 0 error(s), 0 left on base; York 2 - Chicago 3
BOTTOM OF THE 4TH
Chicago Tula batting - Pitching for York Revolution : RHP Chae-seong Kim
Batting: RHB Miguel Cruz 0-0: Fly out, F8 (Flyball, 89S)
Batting: RHB Bryan Sanders 0-0: Ball
1-0: Ball
2-0: Called Strike
2-1: Ground out 4-3 (Groundball, 4)
Batting: RHB Gil Nichols 0-0: Foul Ball, location: 2F
0-1: Ball
1-1: SINGLE (Groundball, 15S) (infield hit)
Batting: RHB Jorge Rodríguez 0-0: Ball
1-0: Ball
2-0: Ground out 2-3 (Groundball, 23)
Bottom of the 4th over - 0 run(s), 1 hit(s), 0 error(s), 1 left on base; York 2 - Chicago 3
TOP OF THE 5TH
York Revolution batting - Pitching for Chicago Tula : RHP Ánibal Rivera
Batting: LHB Michael Nelson 0-0: Ball
1-0: Ball
2-0: SINGLE (Groundball, 34D)
Batting: RHB Roberto Ramírez 0-0: Ball
Michael Nelson is caught stealing 2nd base
1-0: Swinging Strike
1-1: Swinging Strike
1-2: Foul Ball, location: 2F
1-2: Ball
2-2: Fly out, F7 (Flyball, 78S)
Batting: RHB Alonso Rivera 0-0: Called Strike
0-1: Ball
1-1: Foul Ball, location: 2F
1-2: Ground out 4-3 (Groundball, 34)
Top of the 5th over - 0 run(s), 1 hit(s), 0 error(s), 0 left on base; York 2 - Chicago 3
BOTTOM OF THE 5TH
Chicago Tula batting - Pitching for York Revolution : RHP Chae-seong Kim
Now at C: Bradley Rowe
Batting: LHB Cole Thrash 0-0: Called Strike
0-1: Ball
1-1: Ball
2-1: Swinging Strike
2-2: Foul Ball, location: 2F
2-2: Foul Ball, location: 2F
2-2: DOUBLE (Line Drive, 78S)
Batting: SHB Jake Richardson 0-0: Foul Ball, location: 2F
0-1: Foul Ball, location: 2F
0-2: Ball
1-2: Foul Ball, location: 2F
1-2: Ball
2-2: Foul Ball, location: 2F
2-2: Ball
Wild Pitch!
Cole Thrash to third
3-2: Base on Balls
Batting: LHB António González 0-0: Ground out 4-3 (Groundball, 4MS)
Cole Thrash scores
Jake Richardson to second
Batting: LHB Roberto Sánchez 0-0: Ball
1-0: Called Strike
1-1: Ball
2-1: Fly out, F9 (Line Drive, 89S)
Batting: LHB Gerald Kaufman 0-0: Called Strike
0-1: Ball
1-1: Called Strike
1-2: Ball
2-2: Ball
3-2: Strikes out swinging
Bottom of the 5th over - 1 run(s), 1 hit(s), 0 error(s), 1 left on base; York 2 - Chicago 4
TOP OF THE 6TH
York Revolution batting - Pitching for Chicago Tula : RHP Ánibal Rivera
Batting: SHB Bradley Rowe 0-0: Ball
1-0: Ball
2-0: Ball
3-0: Base on Balls
Pitching: LHP Yeong-hwan Yang
Batting: RHB Roberto Ruíz 0-0: Called Strike
0-1: Ball
1-1: Ball
2-1: Foul Ball, location: 2F
2-2: Foul Ball, location: 2F
2-2: Ball
3-2: Base on Balls
Bradley Rowe to second
Batting: RHB Jay Kidd 0-0: Foul Ball, location: 2F
0-1: Foul Ball, location: 2F
0-2: Strikes out swinging
Batting: RHB José Ruíz 0-0: Ball
1-0: Ball
2-0: Ball
3-0: Called Strike
3-1: Foul Ball, location: 2F
3-2: Base on Balls
Bradley Rowe to third
Roberto Ruíz to second
Batting: RHB Chris Costa 0-0: Called Strike
0-1: Called Strike
0-2: Ball
1-2: Strikes out swinging
Batting: RHB Pedro Luna 0-0: Fly out, F6 (Popup, 56)
Top of the 6th over - 0 run(s), 0 hit(s), 0 error(s), 3 left on base; York 2 - Chicago 4
BOTTOM OF THE 6TH
Chicago Tula batting - Pitching for York Revolution : RHP Chae-seong Kim
Batting: RHB Miguel Cruz 0-0: Called Strike
0-1: Fly out, F8 (Flyball, 8LM)
Batting: RHB Bryan Sanders 0-0: SINGLE (Flyball, 4MD)
Batting: RHB Gil Nichols 0-0: Foul Ball, location: 2F
0-1: Ball
1-1: Ball
2-1: Ball
3-1: Called Strike
3-2: Base on Balls
Bryan Sanders to second
Batting: RHB Jorge Rodríguez 0-0: Grounds into double play, 1-6-3 (Groundball, 13S)
Bottom of the 6th over - 0 run(s), 1 hit(s), 0 error(s), 1 left on base; York 2 - Chicago 4
TOP OF THE 7TH
York Revolution batting - Pitching for Chicago Tula : LHP Yeong-hwan Yang
Batting: LHB Michael Nelson 0-0: Ball
1-0: Ball
2-0: Called Strike
2-1: Foul Ball, location: 2F
2-2: Strikes out swinging
Batting: RHB Roberto Ramírez 0-0: Swinging Strike
0-1: Ball
1-1: Foul Ball, location: 2F
1-2: Ball
2-2: SINGLE (Flyball, 8LS)
Batting: RHB Alonso Rivera 0-0: Ball
1-0: Called Strike
1-1: Called Strike
1-2: Foul Ball, location: 2F
1-2: Fly out, F9 (Popup, 4D)
Batting: SHB Bradley Rowe 0-0: Fly out, F8 (Flyball, 8RS)
Top of the 7th over - 0 run(s), 1 hit(s), 0 error(s), 1 left on base; York 2 - Chicago 4
BOTTOM OF THE 7TH
Chicago Tula batting - Pitching for York Revolution : RHP Chae-seong Kim
Batting: LHB Cole Thrash 0-0: Called Strike
0-1: Swinging Strike
0-2: Foul Ball, location: 2F
0-2: Strikes out swinging
Batting: SHB Jake Richardson 0-0: Called Strike
0-1: Swinging Strike
0-2: Strikes out swinging
Batting: LHB António González 0-0: Called Strike
0-1: Ball
1-1: Swinging Strike
1-2: Fly out, F2 (Popup, 2RF)
Bottom of the 7th over - 0 run(s), 0 hit(s), 0 error(s), 0 left on base; York 2 - Chicago 4
TOP OF THE 8TH
York Revolution batting - Pitching for Chicago Tula : LHP Yeong-hwan Yang
Batting: RHB Roberto Ruíz 0-0: Ball
1-0: Swinging Strike
1-1: Ball
2-1: Foul Ball, location: 2F
2-2: Foul Ball, location: 2F
2-2: Ball
3-2: Strikes out swinging
Batting: RHB Jay Kidd 0-0: Foul Ball, location: 2F
0-1: Called Strike
0-2: Strikes out swinging
Batting: RHB José Ruíz 0-0: Swinging Strike
0-1: Ball
1-1: Ground out 6-3 (Groundball, 6)
Top of the 8th over - 0 run(s), 0 hit(s), 0 error(s), 0 left on base; York 2 - Chicago 4
BOTTOM OF THE 8TH
Chicago Tula batting - Pitching for York Revolution : RHP Chae-seong Kim
Pitching: RHP Júlio Peña
Batting: LHB Roberto Sánchez 0-0: SINGLE (Line Drive, 4MD)
Batting: LHB Gerald Kaufman 0-0: Ball
Roberto Sánchez is caught stealing 2nd base
1-0: Ball
2-0: Called Strike
2-1: Swinging Strike
2-2: Ball
3-2: Foul Ball, location: 2F
3-2: Foul Ball, location: 2F
3-2: Base on Balls
Batting: RHB Miguel Cruz 0-0: Called Strike
0-1: SINGLE (Line Drive, 8LS)
Gerald Kaufman to second
Batting: RHB Bryan Sanders 0-0: Ball
1-0: Called Strike
1-1: SINGLE (Groundball, 5L)
Gerald Kaufman to third
Miguel Cruz to second
Runner from 3rd tries for Home, SAFE, no throw or cutoff
Batting: RHB Gil Nichols 0-0: Ball
1-0: Swinging Strike
1-1: Foul Ball, location: 2F
1-2: Strikes out swinging
Batting: RHB Jorge Rodríguez 0-0: SINGLE (Groundball, 6MD)
Miguel Cruz to third
Bryan Sanders to second
Runner from 3rd tries for Home, SAFE, no throw or cutoff
Batting: LHB Cole Thrash 0-0: Ball
1-0: SINGLE (Line Drive, 6D)
Bryan Sanders to third
Jorge Rodríguez to second
Runner from 3rd tries for Home, SAFE, no throw or cutoff
Pitching: RHP Aurelio Sánchez
Batting: SHB Jake Richardson 0-0: Called Strike
0-1: Ball
1-1: Ball
2-1: Foul Ball, location: 2F
2-2: Foul Ball, location: 2F
2-2: Strikes out looking
Bottom of the 8th over - 3 run(s), 5 hit(s), 0 error(s), 2 left on base; York 2 - Chicago 7
TOP OF THE 9TH
York Revolution batting - Pitching for Chicago Tula : LHP Yeong-hwan Yang
Pitching: LHP Héctor Rodríguez
Now at 1B: Gart Steenis
Now at 2B: Arturo Aguilar
Now at 3B: Héctor Hernández
Now in RF: Man-u Yi
Batting: RHB Chris Costa 0-0: Called Strike
0-1: Foul Ball, location: 2F
0-2: Ball
1-2: Strikes out swinging
Batting: RHB Pedro Luna 0-0: Called Strike
0-1: Called Strike
0-2: Foul Ball, location: 2F
0-2: Strikes out swinging
Batting: LHB Michael Nelson 0-0: Ball
1-0: Ball
2-0: Ball
3-0: Base on Balls
Batting: RHB Roberto Ramírez 0-0: Ball
1-0: Fly out, F8 (Flyball, 8LM)
Top of the 9th over - 0 run(s), 0 hit(s), 0 error(s), 1 left on base; York 2 - Chicago 7
This league is powered by Out of the Park Baseball, the baseball management simulation game for PC, Mac and Linux
Friday, April 15th, 2016 - OOTP Baseball 16.9 Build 39